 Dungeon Crawl Stone Soup version 0.31-a0-187-gba352fbbf7 (webtiles) character file.

Game seed: 6334877514386223814

16 rabbitsville the Shooter (level 2, 0/23 HPs)
             Began as a Barachi Hunter on June 22, 2023.
             Slain by Sigmund
             ... wielding a +4 scythe of venom
              (13 damage)
             ... on level 2 of the Dungeon.
             The game lasted 00:01:36 (629 turns).

rabbitsville the Shooter (Barachi Hunter)            Turns: 629, Time: 00:01:36

Health: 0/23       AC:  8    Str: 12    XL:     2   Next: 58%
Magic:  2/2        EV:  6    Int:  9    God:
Gold:   70         SH:  0    Dex: 15    Spells: 1/1 levels left

rFire   . . .        a - +0 shortbow
rCold   . . .        (shield currently unavailable)
rNeg    . . .        i - +0 chain mail
rPois   .            (no helmet)
rElec   .            (no cloak)
rCorr   .            (no gloves)
SInv    .            (no boots)
Will    .....        (no amulet) Stlth
                     (no ring)
HPRegen 0.23/turn    (no ring)
MPRegen 0.08/turn

%: no passive effects
@: lethally poisoned (0 -> -9), slow
A: amphibious, slowness 1, strong legs 1, +LOS
a: Hop


You were on level 2 of the Dungeon.
You visited 1 branch of the dungeon, and saw 2 of its levels.

You collected 70 gold pieces.

Inventory:

Hand Weapons
 a - a +0 shortbow (weapon)
Armour
 c - a +0 leather armour
 i - a +0 chain mail (worn)
Scrolls
 b - a scroll of butterflies
 e - 4 scrolls of teleportation {unknown}
 f - a scroll of immolation {unknown}
 g - a scroll of torment {unknown}
 h - a scroll of identify {unknown}
Potions
 d - a potion of enlightenment {unknown}


   Skills:
 + Level 2.8 Fighting
 * Level 4.3 Ranged Weapons
 + Level 2.5 Dodging
 - Level 0.8 Stealth


You had one spell level left.
You didn't know any spells.
Your spell library was empty.

Dungeon Overview and Level Annotations

Branches:
Dungeon (2/15)

Altars:

Annotations:
D:2 Sigmund


Innate Abilities, Weirdness & Mutations

You are amphibious.
You cover ground slowly.
You can hop short distances.
You have an extended range of vision and can be seen from far away.


Message History

There is an open door here.
There is a stone staircase leading down here.
You climb downwards.
Found a scroll labelled HOUNGI HOUJA.
There is a stone staircase leading up here.
Fire: a) +0 shortbow
Press: ? - help, Q - select action, (/) - cycle Shift-Dir - straight line, f - Sigmund
Aim: Sigmund, wielding a +4 scythe of venom and wearing a +0 robe (58% to hit)
You shoot an arrow. The arrow hits Sigmund.
Sigmund is lightly wounded.
Sigmund says, "Your kind have come here before.
I understand now why.
You desire death..."
Fire: a) +0 shortbow
Press: ? - help, Q - select action, (/) - cycle Shift-Dir - straight line, f/p - Sigmund
Aim: Sigmund, wielding a +4 scythe of venom and wearing a +0 robe (lightly wounded, 58% to hit)
You shoot an arrow. The arrow hits Sigmund.
Sigmund is moderately wounded.
Sigmund casts a spell at you. The puff of flame hits you!
Fire: a) +0 shortbow
Press: ? - help, Q - select action, (/) - cycle Shift-Dir - straight line, f/p - Sigmund
Aim: Sigmund, wielding a +4 scythe of venom and wearing a +0 robe (moderately wounded, 58% to hit)
You shoot an arrow. The arrow hits Sigmund.
Sigmund is moderately wounded.
Sigmund mumbles some strange words.
Sigmund flickers and vanishes!
Deactivating autopickup; reactivate with Ctrl-A.
Fire: a) +0 shortbow
Press: ? - help, Q - select action, (/) - cycle Shift-Dir - straight line You shoot an arrow.
Fire: a) +0 shortbow
Press: ? - help, Q - select action, (/) - cycle Shift-Dir - straight line You shoot an arrow.
Something hits you but does no damage.
You are poisoned.
A magic dart appears from out of thin air!
The magic dart hits you.
You feel very sick. Something hits you!
Ouch! That really hurt!
You die...

#. #.###
.... #
###... .##
..?.. ..
#...##.###
#.......#
#.......#
#..@....#
#.......#
#..{....#
#.......#
#.......#
####.####
.# .# .#


There were no monsters in sight!

Vanquished Creatures
  2 endoplasms (D:1)
  2 goblins (D:1)
  2 hobgoblins (D:1)
  3 quokkas (D:1)
  2 ball pythons (D:1)
  2 kobolds (D:1)
13 creatures vanquished.

Notes
Turn   | Place    | Note
-------+----------+-------------------------------------------
     0 | D:1      | rabbitsville the Barachi Hunter began the quest for the
                  | Orb.
     0 | D:1      | Reached XP level 1. HP: 17/17 MP: 1/1
   314 | D:1      | Reached XP level 2. HP: 23/23 MP: 2/2
   623 | D:2      | Noticed Sigmund
   629 | D:2      | Slain by Sigmund

Illustrated notes

Levels and vault maps discovered:
D:1:      dpeg_arrival_solitude, layout_basic, item_on_display_a
D:2:      layout_loops_corners, chequers_avenue, uniq_terence, uniq_sigmund

Action                     || total
---------------------------++-------
   Fire: Shortbow          ||    38
 Armour: Chain mail        ||    10
  Dodge: Dodged            ||     9

Table legend: (Time is in decaauts)
 A = Elapsed time spent in this place.
 B = Non-inter-level travel time spent in this place.
 C = Inter-level travel time spent in this place.
 D = Time resting spent in this place.
 E = Time spent auto-exploring this place.
 F = Levels seen in this place.
 G = Mean time per level.
                   A        B        C        D        E       F      G
               +--------+--------+--------+--------+--------+-----+--------+
         Total |    758 |    690 |     68 |      0 |    558 |   2 |  379.0 |
       Dungeon |    758 |    690 |     68 |      0 |    558 |   2 |  379.0 |
               +--------+--------+--------+--------+--------+-----+--------+

Top non-repeatable levels by time:
     D:1: 748 daAuts
     D:2: 9 daAuts
